 Dungeon Crawl Stone Soup version 0.21.1-1-g345015f (webtiles) character file.

130 inc the Shield-Bearer (level 5, 0/36 HPs)
             Began as an Octopode Fighter on Apr 24, 2018.
             Slain by a centaur (5 damage)
             ... on level 3 of the Dungeon.
             The game lasted 00:02:44 (2488 turns).

inc the Shield-Bearer (Octopode Fighter)            Turns: 2488, Time: 00:02:44

Health: 0/36       AC:  1    Str: 15    XL:     5   Next: 13%
Magic:  5/5        EV: 12    Int: 11    God:
Gold:   136        SH:  9    Dex: 12    Spells: 4/4 levels left

rFire    . . .     SeeInvis .   a - +0 flail
rCold    . . .     Gourm    .   b - +0 shield
rNeg     . . .     Faith    .   (helmet restricted)
rPois    .         Spirit   .   (no amulet)
rElec    .         Reflect  .   (no ring)
rCorr    .         Harm     .   (no ring)
MR       .....                  (no ring)
Stlth    ++........             (no ring)
HPRegen  0.12/turn              (no ring)
MPRegen  0.09/turn              (no ring)
                                (no ring)
                                (no ring)

@: no status effects
A: almost no armour, stealthy swim, amphibious, 8 rings, constrict 8, camouflage
1, gelatinous body 1
a: no special abilities


You were on level 3 of the Dungeon.
You were not hungry.

You visited 1 branch of the dungeon, and saw 3 of its levels.

You collected 136 gold pieces.

Inventory:

Hand Weapons
 a - a +0 flail (weapon)
Armour
 b - a +0 shield (worn)
Scrolls
 f - a scroll of remove curse {unknown}
 g - 4 scrolls of identify {unknown}
 h - 2 scrolls of teleportation {unknown}
 i - a scroll of magic mapping {unknown}
 j - a scroll of fog {unknown}
 l - a scroll of enchant armour {unknown}
 n - a scroll of amnesia {unknown}
Potions
 c - a potion of might
 e - a potion of invisibility {unknown}
 k - a potion of agility {unknown}
 m - 2 potions of cancellation {unknown}
 o - a potion of heal wounds {unknown}
Comestibles
 d - 6 rations


   Skills:
 - Level 3.0 Fighting
 + Level 3.9 Maces & Flails
 - Level 3.0 Dodging
 + Level 4.5 Shields


You had 4 spell levels left.
You didn't know any spells.

Dungeon Overview and Level Annotations

Branches:
Dungeon (3/15)

Altars:
Elyvilon
Okawaru
Zin


Innate Abilities, Weirdness & Mutations

You cannot wear most types of armour.
You are very stealthy in the water. (Stealth+)
You are amphibious.
You can wear up to eight rings at the same time.
You can use your tentacles to constrict eight enemies at once.
Your skin changes colour to match your surroundings (Stealth+).
Your rubbery body absorbs attacks. (AC +1, EV +1)


Message History

You are too injured to fight recklessly!
You are too injured to fight recklessly!
You are too injured to fight recklessly!
You are too injured to fight recklessly!
You are too injured to fight recklessly!
You are too injured to fight recklessly!
You closely miss the centaur.
The centaur is moderately wounded.
The centaur hits you! The centaur barely misses you.
You hit the centaur.
The centaur is heavily wounded.
The centaur hits you.
* * * LOW HITPOINT WARNING * * *
The centaur misses you.
Your shield prevents you from hitting the centaur.
The centaur is heavily wounded.
The centaur hits you.
* * * LOW HITPOINT WARNING * * *
The centaur hits you.
You die...

#............#
#####.##########.####
......# #......#
####### #.#.##.# ##
#.#.##.# .# . ..##.#
.# .#.####.# .#
####### #.#.####.# .#
#.....# # #.c@..(#
.###.....### ########
..##.......#
#.##.....#.#
#.##.....#.#
#.##.#..##.#
#)##.##.##.#
#........#.#
...#.......#


You could see a centaur.

Vanquished Creatures
  Terence (D:3)
  3 adders
  2 worms
  2 dart slugs (D:1)
  3 leopard geckos (D:1)
  2 orcs (D:3)
  A ball python (D:2)
  6 bats
  2 giant cockroaches
  10 goblins
  7 hobgoblins
  5 jackals (D:2)
  2 quokkas
  3 frilled lizards
  4 kobolds
  7 rats
60 creatures vanquished.

Notes
Turn   | Place    | Note
-------+----------+-------------------------------------------
     0 | D:1      | inc the Octopode Fighter began the quest for the Orb.
     0 | D:1      | Reached XP level 1. HP: 16/16 MP: 1/1
   133 | D:1      | Reached XP level 2. HP: 21/21 MP: 2/2
   289 | D:1      | Reached XP level 3. HP: 13/26 MP: 3/3
   903 | D:2      | Found an iron altar of Okawaru.
  1194 | D:2      | Reached XP level 4. HP: 23/31 MP: 4/4
  1450 | D:2      | Reached skill level 4 in Shields
  1967 | D:3      | Found a white marble altar of Elyvilon.
  1975 | D:3      | Noticed Terence
  2042 | D:3      | Killed Terence
  2306 | D:3      | Found a glowing silver altar of Zin.
  2342 | D:3      | Reached XP level 5. HP: 36/36 MP: 5/5
  2481 | D:3      | Noticed a centaur
  2488 | D:3      | Slain by a centaur

Skill      XL: |  1  2  3  4 |
---------------+-------------+-----
Maces & Flails | 3 |  3.9
Shields        | 4 |  4.5
Fighting       | |  3.0
Dodging        | |  3.0

Action                   |  1- 3 |  4- 6 || total
-------------------------+-------+-------++-------
Melee: Flail             |    62 |    44 ||   106
       Constrict         |    18 |     9 ||    27
       Tentacles         |    11 |     3 ||    14
 Stab: Sleeping          |     5 |     5 ||    10
       Distracted        |     1 |       ||     1
  Eat: Chunk             |     1 |     4 ||     5
Armor: Skin              |     2 |     2 ||     4
Dodge: Dodged            |    19 |    18 ||    37
Block: Shield            |    19 |    12 ||    31
